 Dungeon Crawl Stone Soup version 0.28.0 (webtiles) character file.

Game seed: 8027426888234586261

1012 crazypyro the Cleaver (level 8, -3/66 HPs)
             Began as a Minotaur Fighter on Feb 8, 2022.
             Was a Believer of Makhleb.
             Slain by a wyvern zombie (6 damage)
             ... on level 7 of the Dungeon.
             The game lasted 00:04:48 (4001 turns).

crazypyro the Cleaver (Minotaur Fighter)            Turns: 4001, Time: 00:04:49

Health: -3/66      AC:  9    Str: 39    XL:     8   Next: 1%
Magic:  8/8        EV: 10    Int:  6    God:    Makhleb [**....]
Gold:   283        SH:  6    Dex: 10    Spells: 7/7 levels left

rFire   . . .      SeeInvis +   i - +4 hand axe of Moral Flaws {venom, rElec Str+3 Int+4}
rCold   . . .      Faith    .   c - +1 buckler
rNeg    . . .      Spirit   .   b - +0 scale mail
rPois   .          Reflect  .   (helmet restricted)
rElec   +          Harm     .   p - +1 cloak of the Locust {Rampage Str+7 Int-3 SInv}
rCorr   .          Rampage  +   (no gloves)
Will    .....                   (no boots)
Stlth   ..........              (no amulet)
HPRegen 0.21/turn               l - +6 ring of strength
MPRegen 0.11/turn               (no ring)

@: no status effects
A: horns 2, retaliatory headbutt
a: Renounce Religion, Minor Destruction


You were on level 7 of the Dungeon.
You worshipped Makhleb.
Makhleb was pleased with you.
You visited 1 branch of the dungeon, and saw 8 of its levels.
You also visited: Sewer.

You collected 283 gold pieces.

Inventory:

Hand Weapons
 a - a +0 war axe
 i - the +4 hand axe of Moral Flaws (weapon) {venom, rElec Str+3 Int+4}
   (You found it on level 2 of the Dungeon)

   It poisons the flesh of those it strikes.
   Str:       It affects your strength (+3).
   Int:       It affects your intelligence (+4).
   rElec:     It insulates you from electricity.
Armour
 b - a +0 scale mail (worn)
 c - a +1 buckler (worn)
 p - the +1 cloak of the Locust (worn) {Rampage Str+7 Int-3 SInv}
   (You found it in a sewer)

   Str:       It affects your strength (+7).
   Int:       It affects your intelligence (-3).
   SInv:      It lets you see invisible.
   Rampage:   It bestows one free step when moving towards enemies.
Jewellery
 h - a ring of poison resistance
 l - a +6 ring of strength (left hand)
Wands
 o - a wand of acid (14)
Scrolls
 g - 3 scrolls of identify
 j - 3 scrolls of noise
 k - 2 scrolls of magic mapping
 m - 2 scrolls of enchant armour
Potions
 d - 2 potions of might
 e - 3 potions of lignification {unknown}
 f - a potion of mutation
 n - a potion of invisibility {unknown}


   Skills:
 - Level 4.2 Fighting
 * Level 8.5 Axes
 - Level 4.2 Armour
 + Level 1.2 Dodging
 - Level 6.7 Shields
 + Level 2.4 Invocations


You had 7 spell levels left.
You didn't know any spells.
Your spell library contained the following spells:

 Spells                   Type           Power      Damage    Failure   Level
 Ensorcelled Hibernation  Hex/Ice        0%         N/A       86%         2
 Passwall                 Tmut/Erth      0%         N/A       86%         2
 Gell's Gravitas          Tloc           0%         N/A       97%         3
 Lesser Beckoning         Tloc           0%         N/A       97%         3
 Swiftness                Air            0%         N/A       97%         3
 Teleport Other           Tloc           0%         N/A       97%         3


Dungeon Overview and Level Annotations

Branches:
Dungeon (8/15)              Sewer (visited)
 Temple: D:4-7         Lair: D:8-11

Altars:
Cheibriados
Fedhas
Makhleb
Qazlal
Sif Muna
Zin


Innate Abilities, Weirdness & Mutations

You have a pair of horns on your head.
You reflexively headbutt those who attack you in melee.


Message History

The acid dragon spits acid at you. The splash of acid hits you!!
The black bear bites you but does no damage.
The black bear claws you but does no damage.
You block the black bear's attack.
You are too injured to fight recklessly!
You are too injured to fight recklessly!
You are too injured to fight recklessly!
The acid dragon spits acid at you. The splash of acid hits you!
* * * LOW HITPOINT WARNING * * *
The acid corrodes you!
You hear an angry hiss.
Blink to where?
Press: ? - help, Dir - move target
As you read the scroll of blinking, it crumbles to dust.
Found a snail-covered altar of Cheibriados.
A centaur zombie and a howler monkey zombie come into view.
There is a stone staircase leading down here.
You climb downwards.
You hear the roar of battle.
There is an entrance to a bailey on this level.
Hurry and find it before the portal closes forever!
Found a stone staircase leading down.
There is a stone staircase leading up here.
A wyvern zombie is nearby!
You are no longer corroded.
There is a stone staircase leading down here.
You climb downwards.
The kobold brigand shouts!
The kobold shouts!
The centaur shouts!
Found a sapphire potion.
There is a stone staircase leading up here.
The centaur wields a +0 shortbow.
The centaur shoots an arrow.
The arrow barely misses you.
You climb upwards.
You hear the roar of battle.
There is an entrance to a bailey on this level.
Hurry and find it before the portal closes forever!
The wyvern zombie bites you!
* * * LOW HITPOINT WARNING * * *
The wyvern zombie bites you.
You die...

### ## #.. #.##.#
#######..#
.......@.####
........Z.<.#
..................
......##..........
#....# #...#####..
##..# ##... . #..#
##... ... #....
#..##.


You could see a wyvern zombie.

Vanquished Creatures
  2 water moccasins (D:5)
  Duvessa (D:4)
  An ice beast (D:6)
  A kobold brigand (D:5)
  A phantom (D:5)
  A bullfrog (Sewer)
  A water moccasin zombie (D:5)
  Dowan (D:4)
  A centaur skeleton (D:5)
  A bullfrog skeleton (D:6)
  11 adders
  A river rat (D:5)
  3 adder skeletons
  A worm (D:2)
  2 dart slugs
  3 orcs (D:5)
  6 bats
  13 endoplasms
  11 giant cockroaches
  4 goblins
  3 hobgoblins
  4 jackals
  7 quokkas
  12 ball pythons
  14 frilled lizards
  12 kobolds
  8 rats
126 creatures vanquished.

Notes
Turn   | Place    | Note
-------+----------+-------------------------------------------
     0 | D:1      | crazypyro the Minotaur Fighter began the quest for the Orb.
     0 | D:1      | Reached XP level 1. HP: 19/19 MP: 0/0
   165 | D:1      | Reached XP level 2. HP: 27/27 MP: 1/1
   760 | D:2      | Reached skill level 3 in Axes
   765 | D:2      | Reached XP level 3. HP: 33/33 MP: 2/2
  1069 | D:2      | Identified the +4 hand axe of Moral Flaws {venom, rElec
                  | Str+3 Int+4}
  1337 | D:3      | Found a shimmering blue altar of Sif Muna.
  1544 | D:3      | Reached XP level 4. HP: 39/40 MP: 3/3
  1899 | D:4      | Noticed Dowan
  1899 | D:4      | Noticed Duvessa
  1907 | D:4      | Killed Duvessa
  1908 | D:4      | Reached skill level 5 in Axes
  1908 | D:4      | Reached skill level 5 in Shields
  1908 | D:4      | Reached XP level 5. HP: 18/46 MP: 4/4
  1915 | D:4      | Killed Dowan
  2471 | D:4      | Found a burning altar of Makhleb.
  2471 | D:4      | Found a blossoming altar of Fedhas.
  2490 | D:4      | Became a worshipper of Makhleb the Destroyer
  2511 | D:5      | Entered Level 5 of the Dungeon
  2574 | D:5      | Reached XP level 6. HP: 49/52 MP: 5/5
  2619 | D:5      | Found a glowing drain.
  2623 | Sewer    | Entered a sewer
  2791 | Sewer    | Reached * piety under Makhleb
  2799 | Sewer    | Reached skill level 6 in Axes
  2993 | Sewer    | Reached ** piety under Makhleb
  2996 | Sewer    | Identified the +1 cloak of the Locust {Rampage Str+7 Int-3
                  | SInv}
  3348 | D:5      | Reached skill level 7 in Axes
  3358 | D:5      | Reached XP level 7. HP: 47/59 MP: 6/6
  3371 | D:5      | Reached skill level 1 in Invocations
  3397 | D:5      | Reached skill level 8 in Axes
  3615 | D:5      | Found a stormy altar of Qazlal.
  3869 | D:5      | Found a glowing silver altar of Zin.
  3972 | D:6      | Reached skill level 1 in Dodging
  3972 | D:6      | Reached XP level 8. HP: 46/66 MP: 8/8
  3990 | D:6      | Found a snail-covered altar of Cheibriados.
  4001 | D:7      | HP: 3/66 [wyvern zombie (7)]
  4001 | D:7      | Slain by a wyvern zombie

Illustrated notes

Levels and vault maps discovered:
D:1:      mrwooster_arrival_statue, layout_basic
D:2:      layout_basic, minmay_fractal_squares_gapless_5
D:3:      wander_river, layout_basic, lemuel_crystal_altar
D:4:      layout_basic, gammafunk_temple_overflow_wave, temple_doors_e,
          grunt_decor_cap, uniq_natasha, uniq_duvessa
D:5:      layout_rooms, grunt_qazlal_clouds, zin_statuary,
          gup_sewer_entry_spiral
D:6:      layout_cave_pools, beargit_hepliaklqana_dungeon_heroes,
          nicolae_gozag_seed_capital, cheibriados_altar_1,
          minmay_misc_feat_diagonals
D:7:      gammafunk_beogh_shrine, layout_layer_cave, enter_bailey_5,
          minivault_14, uniq_crazy_yiuf_cottage, uniq_joseph
D:8:      layout_cave_pods, minmay_misc_feat_chi, uniq_maurice

Skill      XL: |  1  2  3  4  5  6  7 |
---------------+----------------------+-----
Shields        | 4 5 6 |  6.7
Fighting       | 4 |  4.2
Armour         | 4 |  4.2
Axes           | 3 5 7 8 |  8.5
Invocations    | 2 |  2.4
Dodging        | 1 |  1.2

Action                   |  1- 3 |  4- 6 |  7- 9 || total
-------------------------+-------+-------+-------++-------
Melee: War axe           |    63 |       |       ||    63
       Headbutt          |    10 |     9 |     3 ||    22
       Hand axe          |    31 |   144 |    38 ||   213
  Use: Scroll            |       |     7 |     1 ||     8
Armor: Scale mail        |    47 |    46 |    12 ||   105
Dodge: Dodged            |    46 |    50 |    14 ||   110
Block: Buckler           |    21 |    27 |    10 ||    58
